 Dungeon Crawl Stone Soup version 0.30-a0-956-gcec3b41aec (webtiles) character file.

Game seed: 9386029367358213465

28 jasper the Digger (level 2, 0/20 HPs)
             Began as a Demigod Earth Elementalist on Mar 29, 2023.
             Succumbed to a kobold's poison
             ... on level 1 of the Dungeon.
             The game lasted 00:01:29 (420 turns).

jasper the Digger (Demigod Earth Elementalist)       Turns: 420, Time: 00:01:29

Health: 0/20       AC:  2    Str:  9    XL:     2   Next: 78%
Magic:  3/7        EV: 12    Int: 17    God:
Gold:   54         SH:  0    Dex: 14    Spells: 4/5 levels left

rFire   . . .      SeeInvis .    f - +0 flail
rCold   . . .      Faith    .    (no shield)
rNeg    . . .      Spirit   .    a - +0 robe
rPois   .          Reflect  .    (no helmet)
rElec   .          Rampage  .    (no cloak)
rCorr   .                        (no gloves)
Will    .....                    (no boots)
Stlth   ++                       (no amulet)
HPRegen 0.23/turn                (no ring)
MPRegen 0.10/turn                (no ring)

@: lethally poisoned (0 -> -8), hasted, very quick
A: high MP 1, forlorn, divine attributes
a: no special abilities


You were on level 1 of the Dungeon.
You visited 1 branch of the dungeon, and saw 1 of its levels.

You collected 54 gold pieces.

Inventory:

Hand Weapons
 f - a +0 flail (weapon)
 g - a +1 dagger of venom
Armour
 a - a +0 robe (worn)
Jewellery
 d - a ring of see invisible
Scrolls
 c - a scroll of teleportation {unknown}
Potions
 b - a potion of magic


   Skills:
 - Level 1.7 Dodging
 - Level 1.7 Stealth
 + Level 2.2 Spellcasting
 + Level 1.6 Transmutations
 + Level 3.1 Earth Magic


You had 4 spell levels left.
You knew the following spells:

 Your Spells              Type           Power      Damage    Failure   Level
a - Sandblast             Erth           24%        2d8       5%          1

Your spell library contained the following spells:

 Spells                   Type           Power      Damage    Failure   Level
 Passwall                 Tmut/Erth      8%         N/A       11%         2
 Stone Arrow              Conj/Erth      14%        3d7       30%         3
 Petrify                  Tmut/Erth      10%        N/A       56%         4


Dungeon Overview and Level Annotations

Branches:
Dungeon (1/15)

Shops:
D:1 *


Innate Abilities, Weirdness & Mutations

You have an increased reservoir of magic. (+10% MP)
You shall have no god before yourself.
Your divine heritage dramatically boosts your attributes as you level up.


Message History

Press: ? - help, Q - select action Shift-Dir - straight line, f - kobold
Aim: a kobold, wielding a +1 dagger of venom (77% to hit)
The blast of sand hits the kobold.
The kobold is severely wounded.
You now have 6/7 mp.
Aiming: Sandblast (safe; 5% risk of failure)
Press: ? - help, Q - select action Shift-Dir - straight line, f/p - kobold
Aim: a kobold, wielding a +1 dagger of venom (severely wounded, 77% to hit)
The blast of sand misses the kobold.
The kobold hits you with a +1 dagger of venom.
You are poisoned.
You take 1 damage, and have 19/20 hp.
You now have 5/7 mp.
Aiming: Sandblast (safe; 5% risk of failure)
Press: ? - help, Q - select action Shift-Dir - straight line, f/p - kobold
Aim: a kobold, wielding a +1 dagger of venom (severely wounded, 77% to hit)
The blast of sand misses the kobold.
You feel very sick.
The kobold hits you with a +1 dagger of venom.
You are lethally poisoned!
You take 5 damage, and have 14/20 hp.
MASSIVE DAMAGE!!
You now have 4/7 mp.
Aiming: Sandblast (safe; 5% risk of failure)
Press: ? - help, Q - select action Shift-Dir - straight line, f/p - kobold
Aim: a kobold, wielding a +1 dagger of venom (severely wounded, 77% to hit)
The blast of sand hits the kobold.
You kill the kobold!
You feel extremely sick.
You take 7 damage, and have 7/20 hp.
MASSIVE DAMAGE!!
You now have 3/7 mp.
* * * LOW HITPOINT WARNING * * *
You feel very sick.
You see here a +1 dagger of venom.
You take 3 damage, and have 4/20 hp.
g - a +1 dagger of venom
* * * LOW HITPOINT WARNING * * *
You feel very sick.
You take 2 damage, and have 2/20 hp.
Okay, then.
There is a lethal amount of poison in your body!
Okay, then.
It was a potion of haste.
You feel yourself speed up.
You die...

#.........###.#
#.# #...###...#
# #.#
..........#
#.########
#...#####.#
##.........
....# #.#
#^..#######
##..# #.# #>#.#
#..# #.## #.#.#
....
......##.#.#
#.####
........@..# #.
..######.###
#..# #.# #.#
#.. #.. ##. #.


There were no monsters in sight!

Vanquished Creatures
  A gnoll (D:1)
  2 ball pythons (D:1)
  An endoplasm (D:1)
  A giant cockroach (D:1)
  A goblin (D:1)
  3 hobgoblins (D:1)
  3 jackals (D:1)
  2 kobolds (D:1)
  3 rats (D:1)
17 creatures vanquished.

Vanquished Creatures (others)
  4 toadstools (D:1)
4 creatures vanquished.

Grand Total: 21 creatures vanquished

Notes
Turn   | Place    | Note
-------+----------+-------------------------------------------
     0 | D:1      | jasper the Demigod Earth Elementalist began the quest for
                  | the Orb.
     0 | D:1      | Reached XP level 1. HP: 14/14 MP: 5/5
    61 | D:1      | Reached skill level 1 in Transmutations
   202 | D:1      | Reached XP level 2. HP: 20/20 MP: 2/7
   231 | D:1      | Reached skill level 3 in Earth Magic
   353 | D:1      | Found Gorgheixt's Assorted Antiques.
   420 | D:1      | Succumbed to a kobold's poison

Illustrated notes

Levels and vault maps discovered:
D:1:      zaba_arrival_water, layout_loops_ring, serial_shops, shop,
          minmay_gold_behind_fungi

Skill      XL: |  1  2 |
---------------+-------+-----
Transmutations | 1 |  1.6
Spellcasting   | 2 |  2.2
Earth Magic    | 3 |  3.1
Dodging        | |  1.7
Stealth        | |  1.7

Action                     || total
---------------------------++-------
  Melee: Unarmed           ||    21
   Cast: Sandblast         ||    28
    Use: Potion            ||     1
 Armour: Robe              ||     7
  Dodge: Dodged            ||    20

Table legend: (Time is in decaauts)
 A = Elapsed time spent in this place.
 B = Non-inter-level travel time spent in this place.
 C = Inter-level travel time spent in this place.
 D = Time resting spent in this place.
 E = Time spent auto-exploring this place.
 F = Levels seen in this place.
 G = Mean time per level.
                   A        B        C        D        E       F      G
               +--------+--------+--------+--------+--------+-----+--------+
         Total |    440 |    440 |      0 |     48 |    270 |   1 |  440.0 |
       Dungeon |    440 |    440 |      0 |     48 |    270 |   1 |  440.0 |
               +--------+--------+--------+--------+--------+-----+--------+

Top non-repeatable levels by time:
     D:1: 440 daAuts
